 Dungeon Crawl Stone Soup version 0.25.1-1-g288607f (webtiles) character file.

Game seed: 17926981889360108730

354 KINGKRU the Skirmisher (level 6, 0/50 HPs)
             Began as a Hill Orc Fighter on Aug 27, 2020.
             Was a Follower of Hepliaklqana.
             Slain by an orc wizard
             ... wielding a +0 dagger
              (1 damage)
             ... on level 6 of the Dungeon.
             The game lasted 00:12:37 (3265 turns).

KINGKRU the Skirmisher (Hill Orc Fighter)           Turns: 3265, Time: 00:12:37

Health: 0/50       AC:  7    Str: 21      XL:     6   Next: 62%
Magic:  6/6        EV:  8    Int:  5 (8)  God:    Hepliaklqana [*.....]
Gold:   213        SH:  9    Dex:  9 (10) Spells: 5/5 levels left

rFire    . . .     SeeInvis .   a - +0 long sword
rCold    . . .     Gourm    .   c - +0 kite shield
rNeg     . . .     Faith    .   b - +0 scale mail
rPois    .         Spirit   .   (no helmet)
rElec    .         Reflect  .   (no cloak)
rCorr    .         Harm     .   (no gloves)
MR       .....                  (no boots)
Stlth    ..........             l - amulet of regeneration
HPRegen  0.56/turn              (no ring)
MPRegen  0.10/turn              (no ring)

@: no status effects
A: reduced essence
a: Recall Ancestor, Ancestor Identity, Renounce Religion, Convert to Beogh


You were on level 6 of the Dungeon.
You worshipped Hepliaklqana.
Hepliaklqana was aware of your devotion.
You were not hungry.

You visited 1 branch of the dungeon, and saw 5 of its levels.

You collected 213 gold pieces.

Inventory:

Hand Weapons
 a - a +0 long sword (weapon)
 h - a +2 dagger of venom
Armour
 b - a +0 scale mail (worn)
 c - a +0 kite shield (worn)
 e - a +0 kite shield
Jewellery
 l - an amulet of regeneration (around neck)
Wands
 o - a wand of iceblast (6)
Scrolls
 i - a scroll of enchant armour {unknown}
 j - 3 scrolls of identify
 n - a scroll of fog {unknown}
 p - a scroll of fear {unknown}
 q - a scroll of magic mapping {unknown}
Potions
 d - 2 potions of curing
 g - a potion of brilliance {unknown}
Comestibles
 f - 7 rations


   Skills:
 + Level 5.0 Fighting
 + Level 4.7 Long Blades
 + Level 4.5 Armour
 + Level 1.2 Dodging
 + Level 4.3 Shields


You had 5 spell levels left.
You didn't know any spells.
Your spell library was empty.

Dungeon Overview and Level Annotations

Branches:
Dungeon (6/15)
 Temple: D:4-7

Altars:
Ashenzari
Hepliaklqana
The Shining One


Message History

You block the orc warrior's attack.
You completely miss the orc warrior.
The orc warrior is heavily wounded.
The orc warrior hits you with a +0 scimitar!!
You hit the orc warrior.
The orc warrior is severely wounded.
The orc wizard hits you but does no damage.
The orc wizard points at you and mumbles some strange words.
You resist with some effort.
The orc warrior hits you with a +0 scimitar.
You closely miss the orc wizard.
The orc wizard hits you with a +0 dagger.
* * * LOW HITPOINT WARNING * * *
You block the orc wizard's attack.
The orc warrior hits you with a +0 scimitar!
* * * LOW HITPOINT WARNING * * *
Unknown command.
You closely miss the orc wizard.
The orc wizard hits you with a +0 dagger.
You die...

##################
...............o@#
.............###o#
######.####.....oo.
######.# #..#######
....##.# #..#
###.##.# #..#
#.##.# #..# #.##.#
#..# #.##.#


You could see an orc warrior, an orc priest, an orc wizard (fast) and an orc.

Vanquished Creatures
  A worker ant (D:5)
  7 gnolls
  9 adders
  3 worms
  3 dart slugs
  2 leopard geckos
  An orc (D:6)
  3 giant cockroaches
  10 goblins
  3 hobgoblins
  4 jackals
  2 quokkas (D:3)
  3 ball pythons
  9 bats
  5 frilled lizards
  3 kobolds
  6 rats
74 creatures vanquished.

Vanquished Creatures (collateral kills)
  An ogre (D:6)
  An adder (D:2)
  5 jackals
  A quokka (D:3)
  A bat (D:3)
  A rat (D:3)
10 creatures vanquished.

Vanquished Creatures (others)
  2 ancestors (D:6)
2 creatures vanquished.

Grand Total: 86 creatures vanquished

Notes
Turn   | Place    | Note
-------+----------+-------------------------------------------
     0 | D:1      | KINGKRU the Hill Orc Fighter began the quest for the Orb.
     0 | D:1      | Reached XP level 1. HP: 19/19 MP: 1/1
   145 | D:1      | Reached XP level 2. HP: 25/27 MP: 2/2
  1074 | D:1      | Reached skill level 4 in Fighting
  1074 | D:1      | Reached XP level 3. HP: 31/33 MP: 3/3
  1449 | D:2      | Reached XP level 4. HP: 40/40 MP: 4/4
  1538 | D:2      | Found a shattered altar of Ashenzari.
  1538 | D:2      | Found a glowing golden altar of the Shining One.
  1538 | D:2      | Found a hazy altar of Hepliaklqana.
  1557 | D:2      | Became a worshipper of Hepliaklqana the Forgotten
  1817 | D:2      | Reached XP level 5. HP: 41/42 MP: 5/5
  2683 | D:3      | Reached skill level 1 in Dodging
  2744 | D:3      | Reached * piety under Hepliaklqana
  2931 | D:3      | You fall into a shaft and drop 3 floors!
  3035 | D:6      | Noticed an ogre
  3049 | D:5      | Entered Level 5 of the Dungeon
  3064 | D:5      | Reached XP level 6. HP: 22/47 MP: 6/6
  3150 | D:6      | Reached skill level 5 in Fighting
  3252 | D:6      | Noticed an orc warrior
  3264 | D:6      | HP: 1/50 [orc warrior/+0 scimitar (14)]
  3265 | D:6      | Slain by an orc wizard

Illustrated notes

Levels and vault maps discovered:
D:1:      evilmike_arrival_hilbert_curve, layout_basic
D:2:      layout_basic, gammafunk_temple_overflow_claw
D:3:      minmay_skewed_foursquare, layout_basic, minmay_misc_feat_encased,
          kennysheep_pointless_box, uniq_grinder
D:5:      layout_basic, old_standard_altar, first_ration, uniq_duvessa
D:6:      layout_loops_ring, temple_hall

Skill      XL: |  1  2  3  4  5  6 |
---------------+-------------------+-----
Fighting       | 4 5 |  5.0
Long Blades    | 3 4 |  4.7
Armour         | 4 |  4.5
Dodging        | 1 |  1.2
Shields        | 4 |  4.3

Action                   |  1- 3 |  4- 6 || total
-------------------------+-------+-------++-------
Melee: Long sword        |    89 |   180 ||   269
Invok: Recall Ancestor   |       |     1 ||     1
  Use: Scroll            |     1 |     2 ||     3
       Potion            |     1 |     8 ||     9
  Eat: Chunk             |     1 |     2 ||     3
       Ration            |     1 |     1 ||     2
Armor: Scale mail        |    54 |    72 ||   126
Dodge: Dodged            |    37 |    58 ||    95
Block: Kite shield       |    63 |    89 ||   152
       Rpst.: Long sword |    10 |    14 ||    24
